 Dungeon Crawl Stone Soup version 0.17-a0-1987-gaf5a542 (webtiles) character file.

44 Shim the Grasshopper (level 3, -1/24 HPs)
             Began as a High Elf Warper on Oct 6, 2015.
             Slain by a kobold (4 damage)
             ... on level 2 of the Dungeon.
             The game lasted 00:08:48 (2174 turns).

Shim the Grasshopper (High Elf Warper)              Turns: 2174, Time: 00:08:49

Health: -1/24      AC:  4    Str: 10    XL:     3   Next: 41%
Magic:  4/8        EV: 12    Int: 17    God:
Gold:   97         SH:  0    Dex: 15    Spells: 3 memorised, 2 levels left

rFire  . . .     SeeInvis .     a - +0 short sword
rCold  . . .     Clarity  .     b - +0 leather armour
rNeg   . . .     SustAt   .     (no shield)
rPois  .         Gourm    .     (no helmet)
rElec  .         Spirit   .     (no cloak)
rCorr  .         Warding  .     k - +0 pair of gloves
rMut   .         Stasis   .     (no boots)
MR     .....                    (no amulet)
Stlth  ++........               (no ring)
                                (no ring)

@: very slightly contaminated, not resistant to hostile enchantments, unstealthy
A: no striking features
a: no special abilities


You were on level 2 of the Dungeon.
You were not hungry.

You visited 1 branch of the dungeon, and saw 2 of its levels.

You collected 97 gold pieces.

Inventory:

Hand Weapons
 a - a +0 short sword (weapon)
Missiles
 e - 5 tomahawks of dispersal
 i - 13 poisoned needles
 j - 85 stones (quivered)
 l - 27 arrows
 o - a tomahawk
Armour
 b - a +0 leather armour (worn)
 k - a +0 pair of gloves (worn)
Scrolls
 d - a scroll of blinking
 m - a scroll of remove curse {unknown}
 r - a scroll of fog {unknown}
 s - a scroll of enchant weapon {unknown}
Potions
 g - a potion of resistance {unknown}
 q - a potion of poison {unknown}
 t - a potion of cancellation {unknown}
Books
 c - a book of Spatial Translocations

   Spells                             Type                      Level
   a - Apportation                    Translocation                1
   b - Blink                          Translocation                2
   c - Shroud of Golubria             Charms/Translocation         2
   d - Portal Projectile              Translocation                3
   e - Teleport Other                 Translocation                3
   f - Passage of Golubria            Translocation                4
Comestibles
 f - 2 chunks of flesh
 h - a meat ration
 n - 2 fruits


   Skills:
 + Level 2.1 Fighting
 + Level 2.9 Short Blades
 * Level 1.5 Throwing
 + Level 1.1 Armour
 + Level 2.5 Dodging
 * Level 1.0 Stealth
 + Level 2.8 Spellcasting
 + Level 3.5 Translocations


You had 2 spell levels left.
You knew the following spells:

 Your Spells              Type           Power        Failure   Level  Hunger
a - Apportation           Tloc           ##........   8%          1    #......
b - Blink                 Tloc           N/A          12%         2    ##.....
c - Shroud of Golubria    Chrm/Tloc      #.........   21%         2    ##.....


Dungeon Overview and Level Annotations

Branches:
Dungeon (2/15)

Altars:


Message History

Throwing (i - inventory. (,) - cycle):
j - 86 stones (quivered)
Press: ? - help, Shift-Dir - straight line, f/p - kobold
Aim: a kobold (moderately wounded)
You throw a stone.
The stone hits the kobold but does no damage.
The kobold is moderately wounded.
Casting: Shroud of Golubria
Confirm with . or Enter, or press ? or * to list all spells.
You miscast Shroud of Golubria.
You are very lightly contaminated with residual magic.
Your skin glows momentarily.
The kobold hits you.
* * * LOW HITPOINT WARNING * * *
Casting: Shroud of Golubria
Confirm with . or Enter, or press ? or * to list all spells.
You miscast Shroud of Golubria.
Nothing appears to happen.
The kobold hits you.
* * * LOW HITPOINT WARNING * * *
You closely miss the kobold.
The kobold is moderately wounded.
The kobold hits you.
You die...

###### #....# ######### #[##.#
###.......# #.##.# ...#@.$....#
#.##(# ...#.K.....# #.##.#
###...#..(....#
###.##.###>....+...w(..#
.........(.....###..##<#######
###.##(###.##### ##...........
#.##.# #.########..#........
#.##.###....S....#.#.##########
#..............................


You could see a worm and a kobold.

Vanquished Creatures
  An adder (D:2)
  An ooze (D:1)
  5 bats
  A giant cockroach (D:1)
  6 hobgoblins (D:1)
  A giant newt (D:1)
  8 goblins (D:1)
  6 kobolds (D:1)
  4 rats (D:1)
33 creatures vanquished.

Notes
Turn   | Place    | Note
--------------------------------------------------------------
     0 | D:1      | Shim the High Elf Warper began the quest for the Orb.
     0 | D:1      | Reached XP level 1. HP: 14/14 MP: 4/4
   278 | D:1      | Reached skill level 1 in Stealth
   278 | D:1      | Reached XP level 2. HP: 14/19 MP: 6/6
   282 | D:1      | Learned a level 2 spell: Blink
   792 | D:1      | Reached skill level 1 in Armour
  1164 | D:1      | Reached XP level 3. HP: 24/24 MP: 8/8
  1363 | D:2      | Found a faded altar to an unknown god.
  1498 | D:2      | Learned a level 2 spell: Shroud of Golubria
  2174 | D:2      | Slain by a kobold

Vault maps used:
D:1:      lemuel_arrival_rhombus, nrook_loot_triangle
D:2:      ecumenical_altar_1, okawaru_altar_gauntlet_db

Action                   || total
-------------------------++-------
Melee: Short sword       ||   111
Throw: Tomahawk          ||    18
       Stone             ||    42
 Cast: Blink             ||     3
       Shroud of Golubri ||     3
 Stab: Sleeping          ||     1
  Eat: Chunk             ||     2
       Bread ration      ||     1
